 Dungeon Crawl Stone Soup version 0.19.5 (webtiles) character file.

102 Monsterracer the Cudgeler (level 4, 0/45 HPs)
             Began as an Ogre Arcane Marksman on Aug 25, 2017.
             Slain by an adder (3 damage)
             ... on level 3 of the Dungeon.
             The game lasted 00:07:21 (3666 turns).

Monsterracer the Cudgeler (Ogre Arcane Marksman)    Turns: 3666, Time: 00:07:22

Health: 0/45       AC:  5    Str: 14 (17) XL:     4   Next: 77%
Magic:  5/5        EV: 10    Int: 10 (12) God:
Gold:   102        SH:  0    Dex:  8 (9)  Spells: 1 memorised, 4 levels left

rFire  . . .     SeeInvis .     a - +0 whip
rCold  . . .     Gourm    .     w - +0 robe
rNeg   . . .     Faith    .     (no shield)
rPois  .         Spirit   .     (helmet restricted)
rElec  .         Reflect  .     y - +1 cloak
rCorr  .         Harm     .     (gloves unavailable)
MR     .....                    (boots unavailable)
Stlth  ..........               (no amulet)
                                s - ring of loudness (curse)
                                o - ring of flight

@: lethally poisoned (0 -> -14)
A: unfitting armour, tough skin 1
a: Evoke Flight


You were on level 3 of the Dungeon.
You were not hungry.

You visited 1 branch of the dungeon, and saw 3 of its levels.

You collected 102 gold pieces.

Inventory:

Hand Weapons
 a - a +0 whip (weapon)
Missiles
 c - 4 large rocks
 d - 2 throwing nets
 p - 159 stones (quivered)
Armour
 w - a +0 robe (worn)
 y - a +1 cloak (worn)
Jewellery
 o - a ring of flight (left hand)
 s - a cursed ring of loudness (right hand)
Scrolls
 e - a scroll of enchant armour {unknown}
 k - a scroll of random uselessness {unknown}
 l - a scroll of teleportation {unknown}
 m - 2 scrolls of identify {unknown}
 v - a scroll of enchant weapon {unknown}
Potions
 g - 2 potions of curing {unknown}
 i - a potion of heal wounds {unknown}
 n - a potion of cure mutation
 q - a potion of lignification {unknown}
 r - a potion of degeneration
 x - a potion of might {unknown}
Comestibles
 b - a slice of pizza
 f - 2 bread rations
 h - 2 fruits
 j - a meat ration
 t - a royal jelly
 u - a beef jerky
 z - 5 chunks of flesh


   Skills:
 * Level 3.3 Fighting
 * Level 4.1 Maces & Flails
 + Level 2.2 Throwing
 + Level 1.9 Dodging
 - Level 1.2 Spellcasting
 - Level 2.1 Hexes


You had 4 spell levels left.
You knew the following spells:

 Your Spells              Type           Power        Failure   Level  Hunger
a - Corona                Hex            #......      17%         1    ##.....


Dungeon Overview and Level Annotations

Branches:
Dungeon (3/15)

Altars:
Fedhas
Qazlal


Innate Abilities, Weirdness & Mutations

You are too large for most types of armour.
You have tough skin. (AC +1)


Message History

* * * LOW HITPOINT WARNING * * *
You feel sick. The adder bites you but does no damage.
Damage: -3%(-1hp) hp: 20%(9hp)
* * * LOW HITPOINT WARNING * * *
You feel sick.
Damage: -2%(-1hp) hp: 18%(8hp) It was a potion of cure mutation.
It has a very clean taste.
* * * LOW HITPOINT WARNING * * *
You feel sick. The adder bites you.
* * * LOW HITPOINT WARNING * * *
You are more poisoned.
The adder poisons you! The goblin hits you with a dagger.
* * * LOW HITPOINT WARNING * * *
Huge Dmg: -11%(-5hp) hp: 7%(3hp) It was a potion of degeneration.
There was something very wrong with that liquid.
You feel weakened.
You feel dopey.
You feel clumsy.
* * * LOW HITPOINT WARNING * * *
You feel sick. The adder bites you.
You die...

######## #####..(...####
#####.P......ā‰ˆ....# ##
....PPPPP.#ā‰ˆ.#.#.# ..
....PP_....._ā‰ˆ#..####.###.#
....PPPP..gā‰ˆ..^<...)...>..#
.........lS@..#.#####.#####
.......%..#..##.# ..
..........#..##.# .#
..........+..##.# #
..........#.###.#
............# #..
..........### ### .........$#
..........#


You could see an adder, a leopard gecko and a goblin.

Vanquished Creatures
  2 adders (D:2)
  2 oozes (D:2)
  4 worms (D:2)
  A dart slug (D:1)
  2 leopard geckos (D:2)
  4 orcs (D:2)
  A giant cockroach (D:2)
  7 goblins
  7 hobgoblins
  A quokka (D:2)
  7 bats
  7 frilled lizards
  7 kobolds
  7 rats
59 creatures vanquished.

Notes
Turn   | Place    | Note
-------+----------+-------------------------------------------
     0 | D:1      | Monsterracer the Ogre Arcane Marksman began the quest for the Orb.
     0 | D:1      | Reached XP level 1. HP: 19/19 MP: 2/2
   139 | D:1      | Reached skill level 1 in Maces & Flails
   142 | D:1      | HP: 8/19 [goblin/club (3)]
   147 | D:1      | Reached skill level 2 in Maces & Flails
   147 | D:1      | Reached XP level 2. HP: 8/27 MP: 3/3
   161 | D:1      | HP: 8/27 [goblin/stone (1)]
   171 | D:1      | HP: 7/27 [goblin/stone (2)]
   189 | D:1      | HP: 4/27 [goblin (3)]
   194 | D:1      | HP: 1/27 [goblin (3)]
   894 | D:2      | HP: 8/28 [worm (7)]
  1127 | D:2      | HP: 12/28 [worm (7)]
  1144 | D:1      | HP: 12/28 [bat (1)]
  1147 | D:1      | Reached XP level 3. HP: 16/35 MP: 4/4
  1350 | D:2      | HP: 15/35 [worm (6)]
  1497 | D:2      | HP: 15/35 [worm (9)]
  1501 | D:2      | HP: 3/35 [worm (6)]
  1540 | D:2      | HP: 5/35 [worm (2)]
  1550 | D:2      | Reached skill level 3 in Maces & Flails
  1821 | D:2      | HP: 17/35 [worm (6)]
  1829 | D:2      | HP: 11/35 [bat (1)]
  1834 | D:2      | HP: 9/35 [rat (2)]
  2125 | D:2      | HP: 14/35 [adder (5)]
  2132 | D:2      | HP: 10/36 [poisoned by an adder]
  2140 | D:2      | HP: 9/36 [poisoned by an adder]
  2419 | D:2      | Reached XP level 4. HP: 27/44 MP: 5/5
  2574 | D:2      | HP: 21/44 [ooze (3)]
  2639 | D:2      | HP: 20/44 [adder (4)]
  2644 | D:2      | HP: 12/44 [poisoned by an adder]
  2649 | D:2      | HP: 10/45 [poisoned by an adder]
  2654 | D:2      | HP: 9/45 [poisoned by an adder]
  2661 | D:2      | HP: 8/45 [poisoned by an adder]
  2669 | D:2      | HP: 7/45 [poisoned by an adder]
  3072 | D:2      | Reached skill level 4 in Maces & Flails
  3106 | D:2      | Found a blossoming altar of Fedhas.
  3324 | D:3      | Found a stormy altar of Qazlal.
  3465 | D:2      | HP: 22/45 [orc/dagger (4)]
  3643 | D:3      | Found a blossoming altar of Fedhas.
  3658 | D:3      | HP: 21/45 [leopard gecko (2)]
  3662 | D:3      | HP: 10/45 [poisoned by an adder]
  3665 | D:3      | HP: 4/45 [adder (3)]
  3666 | D:3      | Slain by an adder

Skill      XL: |  1  2  3  4 |
---------------+-------------+-----
Maces & Flails | 2 3 4 |  4.1
Fighting       | 2 3 |  3.3
Throwing       | |  2.2
Dodging        | |  1.9
Spellcasting   | |  1.2
Hexes          | |  2.1

Action                   |  1- 3 |  4- 6 || total
-------------------------+-------+-------++-------
Melee: Club              |    37 |       ||    37
       Unarmed           |     1 |       ||     1
       Whip              |   146 |   118 ||   264
Throw: Large rock        |    10 |       ||    10
       Stone             |    35 |     6 ||    41
       Throwing net      |     1 |       ||     1
  Use: Potion            |       |     2 ||     2
 Stab: Held in net/web   |     1 |       ||     1
  Eat: Chunk             |     4 |     5 ||     9
Armor: Robe              |    43 |    37 ||    80
Dodge: Dodged            |   102 |    55 ||   157
